 Dungeon Sprint DCSS version 0.29.1-12-g30fa7ad0bf (webtiles) character file.

Game seed: 13384629671573512965

103 boopmooplesden the Carver (level 4, -5/72 HPs)
             Began as a Minotaur Berserker on Dec 16, 2022.
             Was a Priest of Trog.
             Shot with an arrow by a centaur (11 damage)
             ... in the Dungeon (Sprint IX: "|||||||||||||||||||||||||||||").
             The game lasted 00:00:11 (25 turns).

boopmooplesden the Carver (Minotaur Berserker)        Turns: 25, Time: 00:00:12

Health: -5/72      AC:  2    Str: 24    XL:     4   Next: 51%
Magic:  3/3        EV: 12    Int:  4    God:    Trog [***...]
Gold:   0          SH:  0    Dex:  9    Spells: 3/3 levels left

rFire   . . .      SeeInvis .   a - +0 falchion
rCold   . . .      Faith    .   (no shield)
rNeg    . . .      Spirit   .   b - +0 animal skin
rPois   .          Reflect  .   (helmet restricted)
rElec   .          Harm     .   (no cloak)
rCorr   .          Rampage  .   (no gloves)
Will    .....      NoTele   +   (no boots)
Stlth   ..........              (no amulet)
HPRegen 0.22/turn               (no ring)
MPRegen 0.08/turn               (no ring)

@: berserking, lethally poisoned (-5 -> -17), very quick
A: horns 2, retaliatory headbutt
a: Renounce Religion, Berserk, Trog's Hand


You were in the Dungeon.
You worshipped Trog.
Trog was most pleased with you.
You visited 1 branch

Inventory:

Hand Weapons
 a - a +0 falchion (weapon)
Armour
 b - a +0 animal skin (worn)
Scrolls
 h - a scroll of blinking
Potions
 c - a potion of curing
 d - a potion of heal wounds
 e - a potion of haste
 f - 2 potions of magic
 g - a potion of berserk rage


   Skills:
 + Level 7.6 Fighting
 + Level 8.0 Long Blades
 + Level 3.8 Armour
 + Level 3.7 Dodging


You had 3 spell levels left.
You didn't know any spells.
Your spell library was empty.

Dungeon Overview and Level Annotations

Branches:
Dungeon (1/1)

Altars:


Innate Abilities, Weirdness & Mutations

You have a pair of horns on your head.
You reflexively headbutt those who attack you in melee.


Message History

Your headbutt misses the water moccasin.
The water moccasin is almost dead.
You feel sick. The water moccasin bites you.
You are lethally poisoned!
The water moccasin poisons you!
You barely miss the water moccasin.
Your headbutt misses the water moccasin.
The water moccasin is almost dead.
* * * LOW HITPOINT WARNING * * *
You feel very sick. The water moccasin closely misses you.
The howler monkey hoots and howls with incredible vigour!
You hit the water moccasin.
You kill the water moccasin!
Trog accepts your kill.
* * * LOW HITPOINT WARNING * * *
You feel very sick.
The howler monkey hoots and howls with incredible vigour!
The hound pauses to sniff the ground.
Your Fighting skill gained 3 levels and is now at level 7!
Your Long Blades skill gained 4 levels and is now at level 8!
Your Armour skill increases to level 3!
Your Dodging skill increases to level 3!
You have reached level 2!
You have reached level 3!
Your experience leads to an increase in your attributes!
Increase (S)trength, (I)ntelligence, or (D)exterity?
You feel stronger. x2
You have reached level 4!
You feel stronger.
You completely miss the hound.
* * * LOW HITPOINT WARNING * * *
You feel sick. The hound bites you but does no damage.
You slice the hound!!
You kill the hound!
Trog accepts your kill.
* * * LOW HITPOINT WARNING * * *
You feel sick.
The centaur wields a +0 shortbow.
The centaur shoots an arrow.
The arrow hits you!
You die...

▓+▓
▓.▓
▓h▓
▓.▓
▓h▓
▓c▓
▓†▓
▓@▓
▓.▓
▓.▓
▓†▓
▓)▓
▓)▓
▓.▓
▓.▓
▓.▓


You could see a black bear, a centaur and a howler monkey (catching breath).

Vanquished Creatures
  A water moccasin (D)
  A hound (D)
  2 goblins (D)
  2 bats (D)
  A rat (D)
7 creatures vanquished.

Notes
Turn   | Place    | Note
-------+----------+-------------------------------------------
     0 | D        | boopmooplesden the Minotaur Berserker began the quest for
                  | the Orb.
     0 | D        | Reached XP level 1. HP: 19/19 MP: 0/0
     8 | D        | Reached skill level 4 in Long Blades
     9 | D        | Reached ** piety under Trog
    17 | D        | Noticed a black bear
    17 | D        | Noticed a howler monkey
    17 | D        | Noticed a centaur
    17 | D        | Noticed a hound
    17 | D        | Noticed a water moccasin
    23 | D        | Killed a water moccasin
    24 | D        | Reached skill level 8 in Long Blades
    24 | D        | Reached XP level 2. HP: 7/35 MP: 1/1
    24 | D        | Reached XP level 3. HP: 8/40 MP: 2/2
    24 | D        | Reached XP level 4. HP: 10/48 MP: 3/3
    25 | D        | Reached *** piety under Trog
    25 | D        | Shot with an arrow by a centaur

Illustrated notes

Levels and vault maps discovered:
D:        linesprint [early_d, line_temple, items_1, d_10, items_2, lair_1,
          lair_end, items_3, orc_1, orc_end, items_4, d_15, swamp_1, shoals_1,
          snake_1, spider_1, d_20, vaults_1, items_5, swamp_end, shoals_end,
          snake_end, spider_end, vaults_end, d_27, items_6, zot_1, zot_end,
          crypt_end, forest_end, elf_end, slime_end, tomb_end, abyss_end,
          pan_hell_end]

Skill      XL: |  1 |
---------------+----+-----
Fighting       | 7 |  7.6
Long Blades    | 8 |  8.0
Armour         | 3 |  3.8
Dodging        | 3 |  3.7

Action                   |  1- 3 |  4- 6 || total
-------------------------+-------+-------++-------
Melee: Falchion          |    12 |     2 ||    14
       Headbutt          |     1 |       ||     1
Invok: Berserk           |     1 |       ||     1
Armor: Animal skin       |     3 |     1 ||     4
Dodge: Dodged            |     7 |       ||     7
